 Dungeon Crawl Stone Soup version 0.30-a0-715-gdb4ae3ece1 (webtiles) character file.

Game seed: 464902356302030214

232 funkygono the Magician (level 6, 0/33 HPs)
             Began as a Gargoyle Fire Elementalist on Jan 24, 2023.
             Slain by a gnoll
             ... wielding a +2 spear of flaming
              (3 damage)
             ... on level 4 of the Dungeon.
             The game lasted 00:05:29 (3535 turns).

funkygono the Magician (Gargoyle Fire Elementalist) Turns: 3535, Time: 00:05:29

Health: 0/33       AC:  7    Str: 11    XL:     6   Next: 4%
Magic:  1/12       EV: 12    Int: 18    God:
Gold:   183        SH:  0    Dex: 10    Spells: 3/13 levels left

rFire   . . .      SeeInvis .    v - +2 flail (protect)
rCold   . . .      Faith    .    (no shield)
rNeg    + . .      Spirit   .    a - +0 robe
rPois   ∞          Reflect  .    (no helmet)
rElec   +          Harm     .    (no cloak)
rCorr   +          Rampage  .    w - +0 pair of gloves
Will    .....                    (no boots)
Stlth   ++                       (no amulet)
HPRegen 0.25/turn                g - ring of resist corrosion
MPRegen 0.13/turn                t - ring of wizardry

@: no status effects
A: sickness immunity, AC +4, negative energy resistance 1, electricity
resistance, torment resistance 1, petrification resistance
a: no special abilities


You were on level 4 of the Dungeon.
You visited 1 branch of the dungeon, and saw 4 of its levels.

You collected 183 gold pieces.

Inventory:

Hand Weapons
 h - a +0 whip
 v - a +2 flail of protection (weapon)
Armour
 a - a +0 robe (worn)
 w - a +0 pair of gloves (worn)
Magical Staves
 D - a staff of death
Jewellery
 g - a ring of resist corrosion (left hand)
 t - a ring of wizardry (right hand)
Wands
 y - a wand of flame (12)
 A - a wand of light (10)
Scrolls
 c - 8 scrolls of identify {unknown}
 e - 2 scrolls of immolation {unknown}
 f - a scroll of acquirement {unknown}
 i - 2 scrolls of magic mapping {unknown}
 j - 3 scrolls of vulnerability {unknown}
 k - 3 scrolls of noise {unknown}
 n - a scroll of teleportation {unknown}
 p - a scroll of torment {unknown}
 s - a scroll of butterflies {unknown}
 u - a scroll of blinking {unknown}
 x - 2 scrolls of enchant weapon {unknown}
 E - a scroll of fog {unknown}
Potions
 b - a potion of magic
 d - 3 potions of curing {unknown}
 l - a potion of haste {unknown}
 m - 2 potions of heal wounds {unknown}
 o - a potion of mutation {unknown}
 q - a potion of attraction {unknown}
 r - a potion of lignification {unknown}
 z - a potion of brilliance {unknown}
 B - a potion of ambrosia {unknown}
 C - a potion of cancellation {unknown}


   Skills:
 + Level 0.6 Fighting
 + Level 0.5 Maces & Flails
 + Level 1.9 Dodging
 - Level 2.1 Stealth
 + Level 4.0 Spellcasting
 + Level 3.0 Conjurations
 + Level 3.9 Fire Magic


You had 3 spell levels left.
You knew the following spells:

 Your Spells              Type           Power      Damage    Failure   Level
a - Foxfire               Conj/Fire      64%        2x1d7     1%          1
b - Scorch                Fire           34%        2d7       1%          2
c - Kindle Blastsparks    Fire/Tloc/Air  16%        2d11      11%         3
d - Flame Wave            Conj/Fire      16%        2d7       14%         4

Your spell library contained the following spells:

 Spells                   Type           Power      Damage    Failure   Level
 Beastly Appendage        Tmut           6%         N/A       6%          1
 Inner Flame              Hex/Fire       10%        N/A       8%          3
 Wereblood                Tmut           3%         N/A       9%          2
 Frozen Ramparts          Ice            6%         1d1       17%         3
 Spider Form              Tmut/Pois      3%         N/A       17%         3
 Ice Form                 Ice/Tmut       3%         N/A       47%         4
 Summon Ice Beast         Ice/Summ       3%         N/A       47%         4


Dungeon Overview and Level Annotations

Branches:
Dungeon (4/15)
 Temple: D:4-7

Altars:
Fedhas
Hepliaklqana
Nemelex Xobeh
Uskayaw
Zin

Shops:
D:1 :


Innate Abilities, Weirdness & Mutations

You are immune to sickness and miasma.
Your stone body is resilient. (AC +4)
You are immune to poison.
You resist negative energy. (rN+)
You are resistant to electric shocks. (rElec)
You are resistant to unholy torment.
You are immune to petrification.


Message History

The orc priest is moderately wounded.
The foxfire hits the orc priest but does no damage.
The orc priest is moderately wounded.
Casting: Foxfire (safe; 1% risk of failure)
Confirm with . or Enter, or press ? or * to list all spells.
You conjure some foxfire!
The foxfire hits the orc priest.
The orc priest is heavily wounded.
The orc priest casts a cantrip, but nothing happens.
Casting: Foxfire (safe; 1% risk of failure)
Confirm with . or Enter, or press ? or * to list all spells.
You conjure some foxfire!
Casting: Foxfire (safe; 1% risk of failure)
Confirm with . or Enter, or press ? or * to list all spells.
You don't have enough magic to cast this spell.
Unknown command.
The foxfire hits the orc priest.
The orc priest is heavily wounded.
The foxfire hits the orc priest.
The orc priest is severely wounded.
The foxfire hits the orc priest but does no damage.
The orc priest is severely wounded.
The foxfire hits the orc priest but does no damage.
The orc priest is severely wounded.
The foxfire hits the orc priest.
The orc priest is severely wounded.
You hit the orc priest.
Your weapon exudes an aura of protection.
You kill the orc priest!
The gnoll hits you from afar with a +2 spear of flaming!
The gnoll burns you.
Your Spellcasting skill increases to level 4!
You have reached level 6!
The gnoll hits you with a +2 spear of flaming!
The gnoll burns you.
* * * LOW HITPOINT WARNING * * *
You closely miss the gnoll. The gnoll misses you.
The gnoll hits you with a +2 spear of flaming.
* * * LOW HITPOINT WARNING * * *
The gnoll burns you.
You die...

.#.....#####.#########.###.######
........................<..).....
.##.########.#############.######
) #.### #.# #....# .##...#
#.######## #.#### ...##.#
#.#...)..###.# ......##
#.#.####.....# ####...#
#.#.########## # ###.##
#.#..@g.))... # #..#
#.....####### # ##.## ###.#.# #
#..## ####.# # ######..###....#
##### #.........##.#### #....
#..........#)# ### #........(..†#
#.. #.........#..##### .#######.


You could see a gnoll.

Vanquished Creatures
  An orc priest (D:4)
  An orc wizard (D:3)
  6 gnolls
  3 adders
  3 worms (D:2)
  8 orcs
  5 ball pythons
  5 bats
  6 endoplasms
  4 giant cockroaches
  8 goblins
  5 hobgoblins
  4 jackals (D:3)
  3 quokkas
  4 frilled lizards
  6 kobolds
  2 rats
74 creatures vanquished.

Vanquished Creatures (others)
  226 foxfires
226 creatures vanquished.

Grand Total: 300 creatures vanquished

Notes
Turn   | Place    | Note
-------+----------+-------------------------------------------
     0 | D:1      | funkygono the Gargoyle Fire Elementalist began the quest
                  | for the Orb.
     0 | D:1      | Reached XP level 1. HP: 10/10 MP: 3/3
    78 | D:1      | Found Quody's Vocational Training.
   737 | D:2      | Reached XP level 2. HP: 15/15 MP: 0/5
   790 | D:1      | Learned a level 2 spell: Scorch
  1396 | D:2      | Reached XP level 3. HP: 17/19 MP: 1/6
  1400 | D:2      | Learned a level 3 spell: Kindle Blastsparks
  2024 | D:3      | Reached XP level 4. HP: 24/24 MP: 4/7
  2373 | D:3      | Reached skill level 3 in Spellcasting
  2375 | D:3      | Reached XP level 5. HP: 28/28 MP: 4/9
  2380 | D:3      | Learned a level 4 spell: Flame Wave
  2498 | D:3      | Found a hide-covered altar of Uskayaw.
  2500 | D:3      | Found a glowing silver altar of Zin.
  2617 | D:3      | Found a faded altar of an unknown god.
  2922 | D:3      | Found a faded altar of an unknown god.
  2957 | D:3      | Found a hazy altar of Hepliaklqana.
  3182 | D:4      | Found a sparkling altar of Nemelex Xobeh.
  3233 | D:4      | Found a blossoming altar of Fedhas.
  3533 | D:4      | Reached skill level 4 in Spellcasting
  3533 | D:4      | Reached XP level 6. HP: 22/33 MP: 1/12
  3535 | D:4      | Slain by a gnoll

Illustrated notes

Levels and vault maps discovered:
D:1:      tarquinn_simple_flora_water_f, layout_loops_ring,
          nicolae_shop_vocational
D:2:      layout_rooms, minmay_fractal_squares_gapless_5
D:3:      layout_rooms, beargit_hepliaklqana_dungeon_heroes, minitemple,
          ebering_ecumenical_altar_mist, minmay_misc_feat_room,
          nicolae_elevator_lobby_plus
D:4:      layout_basic, mainiacjoe_overflow_alcove_4, nemelex_spade_bored_becter

Skill      XL: |  1  2  3  4  5 |
---------------+----------------+-----
Conjurations   | 2 3 |  3.0
Spellcasting   | 3 4 |  4.0
Fighting       | |  0.6
Maces & Flails | |  0.5
Dodging        | |  1.9
Stealth        | |  2.1
Fire Magic     | |  3.9

Action                     |  1- 3 |  4- 6 || total
---------------------------+-------+-------++-------
  Melee: Whip              |    13 |       ||    13
         Flail             |     1 |     8 ||     9
   Cast: Foxfire           |    57 |    78 ||   135
         Scorch            |     6 |     2 ||     8
 Armour: Robe              |    25 |     3 ||    28
  Dodge: Dodged            |    49 |     8 ||    57

Table legend: (Time is in decaauts)
 A = Elapsed time spent in this place.
 B = Non-inter-level travel time spent in this place.
 C = Inter-level travel time spent in this place.
 D = Time resting spent in this place.
 E = Time spent auto-exploring this place.
 F = Levels seen in this place.
 G = Mean time per level.
                   A        B        C        D        E       F      G
               +--------+--------+--------+--------+--------+-----+--------+
         Total |   3540 |   3427 |    113 |    226 |   2485 |   4 |  885.0 |
       Dungeon |   3540 |   3427 |    113 |    226 |   2485 |   4 |  885.0 |
               +--------+--------+--------+--------+--------+-----+--------+

Top non-repeatable levels by time:
     D:3: 1088 daAuts
     D:2: 1033 daAuts
     D:1: 901 daAuts
     D:4: 516 daAuts
